[ AOE2 MATCH · #513696535 ]
UnrankedCiv #60 vs Civ #60
Player's team · WIN
Rival team · LOSS
[ REPLAY ANALYSIS · EXTRACTED FROM THE RECORDED GAME ]
Feudal
8:50
Castle
25:53
Imperial
—
| APM avg | 101.7 |
| APM peak | 143 |
| eAPM avg | 52.2 |
| Villagers / military | 80 / 73 |
Focus
⚔️ 63.9% · 🌾 36.1%
Scout Cavalry ×35 · Skirmisher ×15 · Knight ×12 · Monk ×5 · Militia ×4 · Spearman ×2
Feudal
8:51
Castle
23:27
Imperial
—
| APM avg | 69.2 |
| APM peak | 100 |
| eAPM avg | 23.1 |
| Villagers / military | 74 / 50 |
Focus
⚔️ 38.5% · 🌾 61.5%
Scout Cavalry ×17 · Archer ×10 · Skirmisher ×8 · Spearman ×7 · Knight ×4 · Militia ×4
Match map
Initial resources + every placement click. Lines = walls · curves = elevation contours. ◆ gold · ⬟ stone · ● berries · ✦ relic · ◌ wall gap
Your base· Open — 7t gap
Gabi's base· Open — 7t gap
Smoothed initial terrain · ◌ = detected wall gap · hover for details
Inputs per minute
— wR.Sebastian - - Gabi
Build order — wR.Sebastian
First 150 of 267 actions detected
| 0:00 | Queue | Villager (Male) |
| 0:02 | Build | House |
| 0:02 | Queue | Villager (Male) |
| 0:03 | Build | House |
| 0:20 | Queue | Villager (Male) |
| 0:35 | Queue | Villager (Male) |
| 1:29 | Queue | Villager (Male) |
| 1:51 | Queue | Villager (Male) |
| 2:15 | Build | Lumber Camp |
| 2:29 | Queue | Villager (Male) |
| 2:30 | Queue | Villager (Male) |
| 2:30 | Queue | Villager (Male) |
| 2:48 | Queue | Villager (Male) |
| 3:20 | Queue | Villager (Male) |
| 3:50 | Build | House |
| 3:54 | Queue | Villager (Male) |
| 3:57 | Queue | Villager (Male) |
| 4:09 | Queue | Villager (Male) |
| 5:01 | Build | Barracks |
| 5:23 | Queue | Villager (Male) |
| 5:34 | Queue | Villager (Male) |
| 5:54 | Build | House |
| 6:00 | Research | Loom |
| 6:26 | Research | Feudal Age |
| 6:44 | Queue | Militia |
| 6:56 | Build | Mining Camp |
| 6:58 | Build | Palisade Wall |
| 6:59 | Build | Palisade Wall |
| 7:08 | Queue | Militia |
| 7:28 | Queue | Militia |
| 7:28 | Queue | Militia |
| 7:40 | Build | House |
| 7:48 | Build | Palisade Wall |
| 7:48 | Build | Palisade Wall |
| 7:50 | Build | Palisade Wall |
| 7:53 | Build | Palisade Wall |
| 8:10 | Queue | Villager (Male) |
| 8:34 | Queue | Villager (Male) |
| 8:50 | Age | Feudal Age |
| 8:51 | Queue | Villager (Male) |
| 8:53 | Queue | Villager (Male) |
| 9:03 | Queue | Villager (Male) |
| 9:04 | Research | Double-Bit Axe |
| 9:11 | Build | Archery Range |
| 9:44 | Build | Mill |
| 9:45 | Build | Mill |
| 9:58 | Queue | Villager (Male) |
| 10:12 | Queue | Skirmisher |
| 10:15 | Build | House |
| 10:26 | Queue | Skirmisher |
| 10:30 | Build | Farm |
| 10:31 | Research | Horse Collar |
| 10:55 | Build | Farm |
| 10:57 | Queue | Villager (Male) |
| 11:01 | Build | House |
| 11:20 | Queue | Skirmisher |
| 11:21 | Queue | Villager (Male) |
| 11:42 | Queue | Villager (Male) |
| 11:43 | Build | Farm |
| 11:44 | Queue | Skirmisher |
| 11:57 | Build | House |
| 11:59 | Build | House |
| 12:02 | Queue | Skirmisher |
| 12:21 | Build | Farm |
| 12:23 | Queue | Skirmisher |
| 12:32 | Queue | Villager (Male) |
| 12:34 | Build | Farm |
| 12:39 | Queue | Villager (Male) |
| 12:54 | Queue | Villager (Male) |
| 12:57 | Queue | Villager (Male) |
| 12:59 | Build | Farm |
| 13:05 | Queue | Skirmisher |
| 13:11 | Queue | Villager (Male) |
| 13:19 | Queue | Skirmisher |
| 13:31 | Build | Farm |
| 13:31 | Build | Farm |
| 13:35 | Build | Farm |
| 13:38 | Queue | Villager (Male) |
| 13:40 | Build | House |
| 13:54 | Build | Farm |
| 13:56 | Build | Farm |
| 13:56 | Queue | Villager (Male) |
| 14:15 | Build | Stable |
| 14:31 | Queue | Skirmisher |
| 14:46 | Queue | Skirmisher |
| 14:51 | Queue | Villager (Male) |
| 14:56 | Build | Farm |
| 14:57 | Build | Farm |
| 15:03 | Build | Farm |
| 15:11 | Queue | Scout Cavalry |
| 15:18 | Queue | Villager (Male) |
| 15:26 | Build | House |
| 15:29 | Queue | Scout Cavalry |
| 15:48 | Queue | Scout Cavalry |
| 15:58 | Build | Stable |
| 16:00 | Build | Blacksmith |
| 16:04 | Queue | Scout Cavalry |
| 16:11 | Queue | Scout Cavalry |
| 16:14 | Queue | Villager (Male) |
| 16:15 | Queue | Villager (Male) |
| 16:18 | Build | House |
| 16:22 | Build | House |
| 16:24 | Queue | Villager (Male) |
| 16:31 | Build | Farm |
| 16:32 | Queue | Skirmisher |
| 16:33 | Queue | Scout Cavalry |
| 16:37 | Build | Farm |
| 16:39 | Build | Farm |
| 16:41 | Research | Fletching |
| 16:41 | Research | Fletching |
| 16:43 | Queue | Villager (Male) |
| 16:46 | Build | House |
| 16:52 | Research | Wheelbarrow |
| 17:05 | Queue | Villager (Male) |
| 17:10 | Queue | Villager (Male) |
| 17:11 | Research | Town Watch |
| 17:15 | Build | House |
| 17:20 | Queue | Skirmisher |
| 17:34 | Queue | Scout Cavalry |
| 17:35 | Queue | Scout Cavalry |
| 17:36 | Research | Scale Barding Armor |
| 17:48 | Queue | Villager (Male) |
| 17:52 | Queue | Scout Cavalry |
| 17:59 | Queue | Villager (Male) |
| 18:08 | Build | Farm |
| 18:09 | Build | Farm |
| 18:11 | Queue | Villager (Male) |
| 18:31 | Queue | Villager (Male) |
| 18:40 | Queue | Villager (Male) |
| 18:43 | Build | Farm |
| 18:46 | Queue | Scout Cavalry |
| 18:50 | Build | Watch Tower |
| 18:53 | Queue | Scout Cavalry |
| 19:00 | Research | Bloodlines |
| 19:03 | Queue | Villager (Male) |
| 19:20 | Queue | Villager (Male) |
| 19:22 | Queue | Villager (Male) |
| 19:25 | Build | Farm |
| 19:26 | Build | Farm |
| 19:27 | Research | Wheelbarrow |
| 19:29 | Queue | Villager (Male) |
| 19:29 | Build | Stable |
| 19:47 | Queue | Scout Cavalry |
| 19:51 | Queue | Skirmisher |
| 19:56 | Queue | Scout Cavalry |
| 19:58 | Build | Farm |
| 19:58 | Build | Farm |
| 19:58 | Build | Farm |
| 20:06 | Queue | Scout Cavalry |
| 20:14 | Build | House |
Build order — Gabi
First 150 of 220 actions detected
| 0:01 | Queue | Villager (Male) |
| 0:01 | Queue | Villager (Male) |
| 0:02 | Build | House |
| 0:04 | Build | House |
| 0:28 | Queue | Villager (Male) |
| 0:53 | Queue | Villager (Male) |
| 1:28 | Queue | Villager (Male) |
| 1:28 | Queue | Villager (Male) |
| 1:51 | Build | Lumber Camp |
| 1:58 | Queue | Villager (Male) |
| 1:58 | Queue | Villager (Male) |
| 2:15 | Queue | Villager (Male) |
| 2:47 | Queue | Villager (Male) |
| 3:05 | Queue | Villager (Male) |
| 3:34 | Queue | Villager (Male) |
| 3:53 | Build | House |
| 4:05 | Queue | Villager (Male) |
| 4:14 | Build | House |
| 4:22 | Queue | Villager (Male) |
| 4:50 | Queue | Villager (Male) |
| 5:11 | Queue | Villager (Male) |
| 5:22 | Build | Barracks |
| 5:31 | Queue | Villager (Male) |
| 6:07 | Research | Loom |
| 6:29 | Build | Palisade Wall |
| 6:32 | Build | Palisade Wall |
| 6:34 | Build | Palisade Wall |
| 6:42 | Research | Feudal Age |
| 6:46 | Queue | Militia |
| 6:54 | Build | Palisade Wall |
| 7:04 | Queue | Militia |
| 7:04 | Queue | Militia |
| 7:39 | Queue | Militia |
| 7:43 | Build | House |
| 7:48 | Build | Mining Camp |
| 8:22 | Build | House |
| 8:28 | Build | Palisade Wall |
| 8:34 | Build | Palisade Wall |
| 8:48 | Queue | Villager (Male) |
| 8:51 | Age | Feudal Age |
| 8:56 | Queue | Villager (Male) |
| 9:10 | Queue | Villager (Male) |
| 9:15 | Build | Archery Range |
| 9:23 | Build | Palisade Wall |
| 9:25 | Build | Palisade Wall |
| 9:32 | Research | Double-Bit Axe |
| 9:58 | Queue | Skirmisher |
| 10:04 | Queue | Villager (Male) |
| 10:06 | Queue | Skirmisher |
| 10:30 | Build | Mill |
| 10:35 | Queue | Villager (Male) |
| 10:47 | Queue | Archer |
| 10:48 | Queue | Villager (Male) |
| 11:05 | Queue | Villager (Male) |
| 11:20 | Queue | Skirmisher |
| 11:21 | Queue | Villager (Male) |
| 11:22 | Build | Farm |
| 11:27 | Build | Farm |
| 11:28 | Build | Farm |
| 11:35 | Queue | Skirmisher |
| 11:36 | Queue | Villager (Male) |
| 11:40 | Build | Farm |
| 11:48 | Build | House |
| 12:04 | Queue | Skirmisher |
| 12:11 | Build | House |
| 12:14 | Queue | Villager (Male) |
| 12:16 | Build | Farm |
| 12:27 | Queue | Skirmisher |
| 12:34 | Queue | Villager (Male) |
| 12:42 | Build | Farm |
| 12:52 | Queue | Skirmisher |
| 12:54 | Queue | Villager (Male) |
| 13:14 | Queue | Villager (Male) |
| 13:26 | Build | Farm |
| 13:28 | Build | Farm |
| 13:39 | Build | Farm |
| 13:50 | Queue | Villager (Male) |
| 13:51 | Queue | Skirmisher |
| 13:52 | Queue | Villager (Male) |
| 14:04 | Build | House |
| 14:20 | Queue | Villager (Male) |
| 14:26 | Build | Stable |
| 14:33 | Queue | Villager (Male) |
| 14:56 | Build | Farm |
| 15:06 | Build | Farm |
| 15:13 | Queue | Archer |
| 15:22 | Queue | Scout Cavalry |
| 15:23 | Queue | Scout Cavalry |
| 15:23 | Build | House |
| 15:39 | Build | Blacksmith |
| 15:42 | Queue | Archer |
| 15:45 | Queue | Villager (Male) |
| 16:07 | Queue | Scout Cavalry |
| 16:13 | Queue | Villager (Male) |
| 16:15 | Research | Forging |
| 16:21 | Build | Lumber Camp |
| 16:24 | Queue | Scout Cavalry |
| 16:35 | Queue | Scout Cavalry |
| 16:41 | Research | Fletching |
| 16:46 | Build | Palisade Wall |
| 16:48 | Queue | Archer |
| 16:54 | Build | House |
| 16:56 | Queue | Villager (Male) |
| 17:04 | Build | Farm |
| 17:09 | Research | Wheelbarrow |
| 17:21 | Queue | Villager (Male) |
| 17:25 | Queue | Archer |
| 17:28 | Build | Farm |
| 17:33 | Queue | Villager (Male) |
| 17:37 | Queue | Archer |
| 17:49 | Queue | Scout Cavalry |
| 17:52 | Queue | Villager (Male) |
| 18:02 | Queue | Archer |
| 18:38 | Queue | Villager (Male) |
| 18:39 | Queue | Archer |
| 18:51 | Build | Stone Wall |
| 18:53 | Build | Farm |
| 18:53 | Build | Farm |
| 19:04 | Queue | Scout Cavalry |
| 19:11 | Build | Farm |
| 19:11 | Build | Farm |
| 19:24 | Queue | Archer |
| 19:33 | Queue | Villager (Male) |
| 19:56 | Build | Farm |
| 19:56 | Build | Farm |
| 20:14 | Build | Lumber Camp |
| 20:15 | Build | House |
| 20:19 | Queue | Villager (Male) |
| 20:21 | Queue | Archer |
| 20:22 | Build | Farm |
| 20:27 | Build | Palisade Wall |
| 20:37 | Build | Palisade Wall |
| 20:38 | Build | Palisade Wall |
| 20:41 | Build | Palisade Wall |
| 20:42 | Build | Palisade Wall |
| 20:49 | Research | Castle Age |
| 20:50 | Research | Castle Age |
| 21:08 | Research | Scale Barding Armor |
| 21:08 | Research | Scale Barding Armor |
| 21:14 | Build | House |
| 21:24 | Build | Stable |
| 21:44 | Queue | Scout Cavalry |
| 22:01 | Queue | Scout Cavalry |
| 22:07 | Build | Farm |
| 22:14 | Queue | Scout Cavalry |
| 22:33 | Queue | Scout Cavalry |
| 22:34 | Queue | Scout Cavalry |
| 22:48 | Build | Mining Camp |
| 22:52 | Queue | Scout Cavalry |
| 22:54 | Queue | Villager (Male) |
Match timeline
| 5:01 | wR.Sebastian · first_building Barracks |
| 5:22 | Gabi · first_building Barracks |
| 6:29 | Gabi · wall_segment Palisade Wall x3 |
| 6:32 | Gabi · wall_segment Palisade Wall x2 |
| 6:34 | Gabi · wall_segment Palisade Wall x4 |
| 6:54 | Gabi · wall_segment Palisade Wall x6 |
| 6:58 | wR.Sebastian · wall_segment Palisade Wall x1 |
| 6:59 | wR.Sebastian · wall_segment Palisade Wall x1 |
| 7:48 | wR.Sebastian · wall_segment Palisade Wall x1 |
| 7:48 | wR.Sebastian · wall_segment Palisade Wall x1 |
| 7:50 | wR.Sebastian · wall_segment Palisade Wall x1 |
| 7:53 | wR.Sebastian · wall_segment Palisade Wall x1 |
| 8:28 | Gabi · wall_segment Palisade Wall x1 |
| 8:34 | Gabi · wall_segment Palisade Wall x1 |
| 8:50 | wR.Sebastian · age_up feudal |
| 8:51 | Gabi · age_up feudal |
| 9:11 | wR.Sebastian · first_building Archery Range |
| 9:15 | Gabi · first_building Archery Range |
| 9:23 | Gabi · wall_segment Palisade Wall x1 |
| 9:25 | Gabi · wall_segment Palisade Wall x1 |
| 14:15 | wR.Sebastian · first_building Stable |
| 14:26 | Gabi · first_building Stable |
| 16:46 | Gabi · wall_segment Palisade Wall x4 |
| 18:51 | Gabi · wall_segment Stone Wall x1 |
| 20:27 | Gabi · wall_segment Palisade Wall x5 |
| 20:37 | Gabi · wall_segment Palisade Wall x1 |
| 20:38 | Gabi · wall_segment Palisade Wall x1 |
| 20:41 | Gabi · wall_segment Palisade Wall x1 |
| 20:42 | Gabi · wall_segment Palisade Wall x1 |
| 23:10 | wR.Sebastian · first_market_buy 100 food |
| 23:27 | Gabi · age_up castle |
| 24:28 | Gabi · wall_segment Palisade Wall x1 |
| 24:30 | Gabi · wall_segment Palisade Wall x1 |
| 24:50 | wR.Sebastian · wall_segment Palisade Wall x9 |
| 25:04 | wR.Sebastian · wall_segment Palisade Wall x10 |
| 25:06 | wR.Sebastian · wall_segment Palisade Wall x3 |
| 25:18 | wR.Sebastian · wall_segment Palisade Wall x9 |
| 25:53 | wR.Sebastian · age_up castle |
| 26:06 | wR.Sebastian · first_building Monastery |
| 26:49 | wR.Sebastian · wall_segment Palisade Wall x1 |
| 29:01 | Gabi · wall_segment Palisade Wall x1 |
| 29:24 | Gabi · wall_segment Palisade Wall x1 |
| 29:48 | Gabi · resign |
[ AI ANALYSIS · 1 CREDIT ]
What really happened in this match?
Wolo.gg analyzes every decision: build order, eco, micro, common mistakes by bracket. Personalized analysis on WhatsApp or Discord in 30 seconds.
Civ guide
Civ #60
Perfil
Jugador #2783660